 Dungeon Crawl Stone Soup version 0.17-a0-1479-g4041c36 (console) character file.

6464 Fusha the Grappler (level 11, -4/95 HPs)
             Began as a Ghoul Air Elementalist on July 3, 2015.
             Was a Priest of Makhleb.
             Slain by an unseen horror (8 damage)
             ... on level 10 of the Dungeon.
             The game lasted 01:10:16 (12970 turns).

Fusha the Grappler (Ghoul Air Elementalist)        Turns: 12970, Time: 01:10:16

Health: -4/95      AC:  8    Str: 16    XL:     11   Next: 0%
Magic:  16/16      EV: 13    Int: 10    God:    Makhleb [***...]
Gold:   121        SH:  0    Dex:  9    Spells: 3 memorised, 8 levels left

rFire  . . .     SeeInvis .       - Unarmed
rCold  + . .     Clarity  .     e - +0 leather armour {rPois}
rNeg   + + +     SustAt   .     (no shield)
rPois  ∞         Gourm    .     A - +1 hat {MR+}
rElec  .         Spirit   .     m - +0 cloak
rCorr  +         Warding  .     (no gloves)
rMut   .         Stasis   .     z - +2 pair of boots {Stlth+}
MR     +....                    G - amulet of resist corrosion
Stlth  +++.......               (no ring)
                                (no ring)

@: very slightly contaminated, rotting, somewhat resistant to hostile
enchantments, fairly stealthy
A: rotting body, claws 1, carnivore 3, cold resistance 1, negative energy
resistance 3, slow healing 1, torment resistance, unbreathing
a: Minor Destruction, Lesser Servant of Makhleb, Renounce Religion


You were on level 10 of the Dungeon.
You worshipped Makhleb.
Makhleb was most pleased with you.
You were not hungry.

You visited 2 branches of the dungeon, and saw 12 of its levels.

You collected 482 gold pieces.
You spent 361 gold pieces at shops.

Inventory:

Missiles
 g - 5 tomahawks of returning (quivered)
Armour
 d - a +2 helmet
 e - a +0 leather armour of poison resistance (worn)
 m - a +0 cloak (worn)
 v - a +3 leather armour
 z - a +2 pair of boots of stealth (worn)
 A - a +1 hat of magic resistance (worn)
Jewellery
 D - an uncursed ring of fire
 G - an amulet of resist corrosion (around neck)
Magical devices
 y - a wand of slowing (17)
 I - a wand of fireball (15)
Scrolls
 k - a scroll of fear
 q - a scroll of recharging
 t - a scroll of teleportation
Potions
 a - a potion of agility
 h - 2 potions of invisibility
 i - 3 potions of curing
 l - a potion of magic
 o - a potion of cancellation
 p - 4 potions of flight
 r - a potion of brilliance
Books
 b - a book of Air

   Spells                             Type                      Level
   a - Shock                          Conjuration/Air              1
   b - Swiftness                      Charms/Air                   2
   c - Repel Missiles                 Charms/Air                   2
   d - Static Discharge               Conjuration/Air              3
   e - Lightning Bolt                 Conjuration/Air              5
 u - Kikubaaqudgha's Almanac of Evil Rituals
   (You found it on level 4 of the Dungeon)

   Spells                             Type                      Level
   a - Pain                           Necromancy                   1
 w - Sif Muna's Guide on Execration
   (You found it on level 4 of the Dungeon)

   Spells                             Type                      Level
   a - Corona                         Hexes                        1
 x - Vehumet's Guide on Combat Magic
   (You found it on level 4 of the Dungeon)

   Spells                             Type                      Level
   a - Magic Dart                     Conjuration                  1
 B - a book of Party Tricks

   Spells                             Type                      Level
   a - Summon Butterflies             Summoning                    1
   b - Apportation                    Translocation                1
   c - Tukima's Dance                 Hexes                        3
   d - Alistair's Intoxication        Transmutation/Poison         4
   e - Invisibility                   Hexes                        6
 E - a book of Clouds

   Spells                             Type                      Level
   a - Mephitic Cloud                 Conjuration/Poison/Air       3
   b - Conjure Flame                  Conjuration/Fire             3
   c - Poisonous Cloud                Conjuration/Poison/Air       6
   d - Freezing Cloud                 Conjuration/Ice/Air          6
   e - Ring of Flames                 Charms/Fire                  7
Miscellaneous
 F - a fan of gales (inert)
Comestibles
 c - 6 meat rations
 f - a royal jelly
 j - 4 chunks of flesh
 n - 8 beef jerkies
 C - a slice of pizza


   Skills:
 * Level 8.7 Fighting
 - Level 6.0 Dodging
 - Level 2.2 Stealth
 + Level 9.2 Unarmed Combat
 - Level 1.7 Spellcasting
 - Level 3.0 Conjurations
 - Level 3.0 Charms
 - Level 3.1 Air Magic
 + Level 8.2 Invocations


You had 8 spell levels left.
You knew the following spells:

 Your Spells              Type           Power        Failure   Level  Hunger
a - Shock                 Conj/Air       #...         12%         1    ##.....
b - Swiftness             Chrm/Air       #.......     17%         2    ###....
c - Repel Missiles        Chrm/Air       #.....       17%         2    ###....


Dungeon Overview and Level Annotations

Branches:
Dungeon (11/15)            Temple (1/1) D:4
   Lair: D:8-11         Orc: D:9-12

Altars:
Ashenzari
Cheibriados
Dithmenos
Elyvilon
Fedhas
Gozag
Kikubaaqudgha
Makhleb
Nemelex Xobeh
Okawaru
Qazlal
Ru
Sif Muna
Trog
Vehumet
Xom
Yredelemnul
Zin
The Shining One

Shops:
D:4 *   D:5 (   D:6 }   D:9 [

Annotations:
D:7 pulse's ghost, experienced FoBe
D:10 Erica; Maud


Innate Abilities, Weirdness & Mutations

Your body is rotting away.
You thrive on raw meat.
You are immune to poison.
You have sharp fingernails.
You are carnivorous and can eat meat at any time.
Your flesh is cold resistant.
You are immune to negative energy.
You heal slowly when monsters are visible.
You are immune to unholy pain and torment.
You can survive without breathing.


Message History

Describe a (M)onster, (S)pell, s(K)ill, (A)bility, (C)ard, (I)tem, (F)eature, (G)od, (B)ranch or c(L)oud?
Describe a monster; partial names and regexps are fine.
Enter a single letter to list monsters displayed by that symbol.
Describe what?
Describe a (M)onster, (S)pell, s(K)ill, (A)bility, (C)ard, (I)tem, (F)eature, (G)od, (B)ranch or c(L)oud?
Okay, then.
Unknown command.
Read which item? (? for menu, Esc to quit)
Blink to where?
Press: ? - help, Dir - move target cursor You are very lightly contaminated with residual magic.
As you read the scroll of blinking, it crumbles to dust.
Use which ability? (? or * to list)
A demon appears!
You feel slightly more hungry.
Your ufetubus disappears in a puff of smoke!
Press: ? - help, v - describe, . - travel
Here: a hellwing (corpse armoured, friendly, summoned)
The floor.
Unknown command.
You swap places.
Something hits you!
You die...

######## ############
.......########## #...........
......3..§.....4### #...........
....5..########.@(####...........
....3..# ###........>.......
......5# ######...........
..3....# #........... #.######
#........... #. #........... #.
###.######## # #..# ##..#


You could see a friendly hellwing (wandering).

Vanquished Creatures
  Prince Ribbit (D:7)
  A hungry ghost (D:9)
  A sky beast (D:8)
  A necrophage (D:7)
  A black bear (D:7)
  3 ice beasts
  7 ogres
  2 orc warriors
  6 phantoms
  6 centaurs
  7 giant frogs
  2 scorpions
  5 wights
  6 killer bees (D:9)
  3 crimson imps
  6 hounds
  Ijyb (D:3)
  5 orc wizards
  A centaur skeleton (D:8)
  A giant frog skeleton (D:9)
  A giant frog zombie (D:9)
  5 orc priests
  3 iguanas
  12 worker ants
  A hound zombie (D:8)
  8 adders
  An adder skeleton (D:4)
  2 adder zombies
  7 worms
  12 giant geckos
  25 orcs
  13 bats
  A bat skeleton (D:5)
  11 goblins
  18 hobgoblins
  9 jackals
  14 kobolds
  5 quokkas
  2 ball pythons
  6 giant cockroaches
  A giant gecko skeleton (D:3)
  8 giant newts
  2 jackal zombies
  A quokka zombie (D:8)
  9 rats
  2 butterflies (D:7)
245 creatures vanquished.

Vanquished Creatures (collateral kills)
  Erolcha (D:8)
  The ghost of mrath the Quickloader, an experienced DDHu of the Shining One (D:8)
  2 cyclopes
  A hungry ghost (D:9)
  An orc warrior (D:9)
  2 sky beasts
  2 wights (D:9)
  A shadow imp (D:8)
  A quokka (D:8)
  A bat (D:9)
13 creatures vanquished.

Grand Total: 258 creatures vanquished

Notes
Turn   | Place    | Note
--------------------------------------------------------------
     0 | D:1      | Fusha the Ghoul Air Elementalist began the quest for the Orb.
     0 | D:1      | Reached XP level 1. HP: 14/14 MP: 2/2
    74 | D:1      | Reached skill level 1 in Unarmed Combat
   110 | D:1      | Reached XP level 2. HP: 10/20 MP: 3/3
   238 | D:1      | Learned a level 2 spell: Swiftness
   777 | D:1      | Reached XP level 3. HP: 24/26 MP: 4/4
   792 | D:1      | Learned a level 2 spell: Repel Missiles
  1912 | D:2      | Reached skill level 3 in Unarmed Combat
  1912 | D:2      | Reached XP level 4. HP: 8/32 MP: 3/5
  2169 | D:2      | Reached skill level 1 in Charms
  2627 | D:3      | Found a shattered altar of Ashenzari.
  2645 | D:2      | Reached XP level 5. HP: 19/38 MP: 0/6
  2871 | D:3      | Found a shadowy altar of Dithmenos.
  2999 | D:3      | Noticed Ijyb
  3035 | D:3      | Killed Ijyb
  3035 | D:3      | Reached skill level 4 in Unarmed Combat
  3428 | D:3      | Found a basalt altar of Yredelemnul.
  3583 | D:3      | Reached XP level 6. HP: 45/45 MP: 7/7
  3770 | D:4      | Found a staircase to the Ecumenical Temple.
  3778 | D:4      | Found Ruiphila's Assorted Antiques.
  3783 | Temple   | Entered the Ecumenical Temple
  3791 | Temple   | Became a worshipper of Makhleb the Destroyer
  3829 | D:4      | Bought a grey potion for 24 gold pieces
  3829 | D:4      | Bought a smoky blue potion for 24 gold pieces
  3829 | D:4      | Bought a dark potion for 24 gold pieces
  4257 | D:4      | Reached skill level 5 in Unarmed Combat
  4257 | D:4      | Reached skill level 1 in Invocations
  4267 | D:4      | Reached XP level 7. HP: 24/50 MP: 3/8
  4515 | D:4      | Found a deep blue altar of Sif Muna.
  4538 | D:4      | Found a radiant altar of Vehumet.
  4538 | D:4      | Found an ancient bone altar of Kikubaaqudgha.
  4605 | D:4      | Identified Kikubaaqudgha's Almanac of Evil Rituals (You found it on level 4 of the Dungeon)
  4612 | D:4      | Acquired Makhleb's first power
  4619 | D:4      | Identified Sif Muna's Guide on Execration (You found it on level 4 of the Dungeon)
  4626 | D:4      | Identified Vehumet's Guide on Combat Magic (You found it on level 4 of the Dungeon)
  4675 | D:5      | Entered Level 5 of the Dungeon
  4794 | D:5      | Reached skill level 6 in Unarmed Combat
  4852 | D:5      | Found Ciygis's Antique Weapon Shop.
  5200 | D:5      | Found a snail-covered altar of Cheibriados.
  5668 | D:6      | Found a white marble altar of Elyvilon.
  5793 | D:6      | Reached XP level 8. HP: 51/57 MP: 1/9
  5900 | D:6      | Reached skill level 7 in Unarmed Combat
  5900 | D:6      | Reached skill level 1 in Conjurations
  6188 | D:6      | Found Nubbar's Gadget Boutique.
  6217 | D:6      | Acquired Makhleb's second power
  6530 | D:6      | Reached skill level 8 in Unarmed Combat
  7084 | D:7      | Reached XP level 9. HP: 54/62 MP: 1/11
  7093 | D:7      | Noticed Prince Ribbit
  7261 | D:7      | Found a glowing golden altar of the Shining One.
  7261 | D:7      | Noticed pulse's ghost (experienced FoBe)
  8141 | D:7      | Reached skill level 5 in Invocations
  8452 | D:7      | Found a runed door.
  8466 | D:7      | Found a runed door.
  8487 | D:7      | Killed Prince Ribbit
  8487 | D:7      | Reached skill level 1 in Fighting
  8487 | D:7      | Reached skill level 9 in Unarmed Combat
  9169 | D:8      | Noticed Erolcha
  9635 | D:8      | Found an iron altar of Okawaru.
  9644 | D:8      | Found a bloodstained altar of Trog.
  9790 | D:7      | Acquired Makhleb's third power
  9884 | D:7      | Reached skill level 5 in Fighting
 10125 | D:7      | Reached XP level 10. HP: 70/81 MP: 13/13
 10232 | D:7      | Found a glowing golden altar of the Shining One.
 10876 | D:8      | Noticed a cyclops
 10882 | D:8      | Killed a cyclops
 11080 | D:8      | Noticed mrath's ghost (experienced DDHu)
 11098 | D:8      | Killed mrath's ghost
 11098 | D:8      | Reached skill level 5 in Dodging
 11450 | D:8      | Killed Erolcha
 11570 | D:9      | Found Wotot's Antique Armour Boutique.
 11586 | D:9      | Bought a pair of embroidered boots for 153 gold pieces
 11586 | D:9      | Bought a runed hat for 136 gold pieces
 11646 | D:9      | Noticed a cyclops
 11666 | D:9      | Killed a cyclops
 12357 | D:10     | Entered Level 10 of the Dungeon
 12455 | D:10     | Noticed Maud
 12486 | D:10     | Noticed Erica
 12487 | D:10     | Noticed a smoke demon
 12713 | D:10     | Noticed a smoke demon
 12940 | D:10     | Reached XP level 11. HP: 92/95 MP: 16/16
 12970 | D:10     | Slain by an unseen horror

Vault maps used:
D:1:      zelgadis_glass_arrival_small, minmay_misc_feat_doors,
          minmay_misc_feat_five, minmay_door_square
D:2:      hangedman_decor_points
D:3:      ashenzari_altar_1, old_standard_altar, lemuel_coloured_pillars_altar,
          kennysheep_generic_room_3, uniq_iyjb
D:4:      grunt_temple_overflow_magic_moments, temple_statues, serial_shops,
          shop
D:5:      lemuel_crystal_altar, first_bread, serial_shops, shop,
          minmay_crystal_water
D:6:      elyvilon_altar_5, serial_shops, nicolae_shop_stone
D:7:      lemuel_insect_pit, nicolae_overflow_crystal_walls, grunt_ogre_cave,
          uniq_prince_ribbit1
D:8:      grunt_temple_overflow_bloody_war, grunt_ministairs_15, uniq_erolcha
D:9:      serial_shops, nicolae_shop_competitors_out_of_business,
          hangedman_abyss_or_decor_lesser_grid
D:10:     erik_lair_orcish_takeover, erik_orc_2, uniq_erica, uniq_maud
D:11:     uniq_josephine, uniq_maurice, uniq_sonja
Temple:   nicolae_temple_no_exploring_needed

Action                   |  1- 3 |  4- 6 |  7- 9 | 10-12 || total
-------------------------+-------+-------+-------+-------++-------
Melee: Unarmed           |   166 |   183 |   389 |   252 ||   990
Throw: Tomahawk          |    11 |     4 |    13 |       ||    28
 Cast: Shock             |    12 |    50 |   105 |     6 ||   173
       Repel Missiles    |       |     1 |     1 |     1 ||     3
       Swiftness         |       |       |       |     2 ||     2
Invok: Minor Destruction |       |       |    27 |    27 ||    54
       Lesser Servant of |       |       |     1 |    15 ||    16
Evoke: Wand              |       |     8 |    21 |       ||    29
       Fan of gales      |       |       |       |     1 ||     1
  Use: Scroll            |       |     9 |     9 |     4 ||    22
       Potion            |       |     1 |     2 |       ||     3
 Stab: Sleeping          |     5 |     7 |     4 |     1 ||    17
  Eat: Chunk             |    18 |    23 |    32 |    45 ||   118
       Pizza             |       |       |     2 |       ||     2
